 Dungeon Crawl Stone Soup version 0.15-a0-1766-g0ee8742 (console) character file.

665 deathcap the Grappler (level 7, -2/57 HPs)
             Began as a Minotaur Monk on June 28, 2014.
             Was a Believer of Cheibriados.
             Slain by a trapdoor spider (13 damage)
             ... on Level 7 of the Dungeon.
             The game lasted 00:09:18 (1863 turns).

deathcap the Grappler (Minotaur Monk)               Turns: 1863, Time: 00:09:18

HP  -2/57        AC  6     Str 22      XL: 7   Next: 31%
MP   0/5         EV 11     Int 11      God: Cheibriados [**....]
Gold 150         SH  0     Dex 16      Spells:  0 memorised,  6 levels left

rFire  + . .     SeeInvis .       - Unarmed
rCold  + . .     Clarity  .     i - +0 ring mail
rNeg   + . .     rCorr    .     (no shield)
rPois  +         rRot     .     (helmet restricted)
rElec  +         Spirit   .     (no cloak)
SustAb .         Warding  .     h - +0 pair of gloves
rMut   .         Stasis   .     (no boots)
Gourm  .                        o - amulet of rage
MR     .....                    (no ring)
                                q - ring of positive energy

@: resistant, very slow, not resistant to hostile enchantments, very unstealthy
A: retaliatory headbutt, horns 2
a: Bend Time, Renounce Religion, Evoke Berserk Rage


You were on level 7 of the Dungeon.
You worshipped Cheibriados.
Cheibriados was pleased with you.
You were hungry.

You visited 2 branches of the dungeon, and saw 8 of its levels.

You collected 150 gold pieces.

Inventory:

Hand weapons
 f - a +0 blowgun
 s - the cursed +3 mace "Ecakenyudgh" {crush, rPois rN+, unknown}
   (You found it on level 5 of the Dungeon)

   It inflicts extra damage upon your enemies.
   It protects you from poison.
   It protects you from negative energy.
   It has a curse placed upon it.
Armour
 h - a +0 pair of gloves (worn)
 i - a +0 ring mail (worn)
 k - a +0 scale mail
 u - the cursed -4 helmet of the Fisher {Int+2, unknown}
   (You found it on level 5 of the Dungeon)

   It affects your intelligence (+2).
   It has a curse placed upon it.
 w - a +0 plate armour
Magical devices
 t - a wand of cold (9) {unknown}
Comestibles
 b - 5 bread rations
 n - a meat ration
 p - 2 beef jerkies
Scrolls
 a - a scroll of fog {unknown}
 c - a scroll of magic mapping {unknown}
 d - 2 scrolls of blinking {unknown}
 e - 2 scrolls of remove curse {unknown}
 g - 3 scrolls of identify
 j - 2 scrolls of enchant armour {unknown}
 l - 2 scrolls of noise {unknown}
 r - 5 scrolls of teleportation {unknown}
 x - 3 scrolls of fear {unknown}
Jewellery
 o - an amulet of rage (around neck)
 q - a ring of positive energy (left hand)
Potions
 m - a potion of brilliance
 v - a potion of resistance


   Skills:
 - Level 3.6 Fighting
 - Level 3.2 Dodging
 - Level 1.5 Stealth
 - Level 9.5 Unarmed Combat
 + Level 1.9 Invocations


You had 6 spell levels left.
You didn't know any spells.

Dungeon Overview and Level Annotations

Branches:
Dungeon (7/15)             Temple (1/1) D:6

Altars:
Cheibriados
Gozag
Kikubaaqudgha
Nemelex Xobeh
Okawaru
Qazlal
Sif Muna
Trog
Vehumet
Xom
Zin


Innate Abilities, Weirdness & Mutations

You reflexively headbutt those who attack you in melee.
You have a pair of horns on your head.


Message History

The trapdoor spider bites you!
You hear a distant slurping noise.
The deep elf mage barely misses you. You furiously retaliate!
You headbutt the deep elf mage!
A giant newt and a jelly come into view.
Press: ? - help, v - describe, . - travel
Here: a deep elf mage, wielding a dagger (moderately wounded, slow)
The floor.
Unknown command.
Unknown command.
You hit the trapdoor spider.
The trapdoor spider is lightly wounded.
The giant gecko bites you. The trapdoor spider bites you!
* * * LOW HITPOINT WARNING * * *
The giant newt moves out of view.
You are feeling hungry.
You hit the trapdoor spider.
The trapdoor spider is lightly wounded.
The giant gecko barely misses you. The trapdoor spider bites you!
You die...

.### ##.. .. .#...
#. # ......#.###(#
.. #....#.s@er# ...
. #......#lJ(..#
.......
#..###$#J###.#
......) #......#..
....)... #...#.....#
........##..%#.###)#
.............#.....#
..#######..[....# $.
### #........#


You could see a slime creature, a trapdoor spider, a deep elf mage, a jelly, a
giant gecko and a rat.

Vanquished Creatures
  A centaur (D:6)
  An ogre (D:4)
  A giant frog (D:6)
  A scorpion (D:7)
  A crimson imp (D:6)
  A goliath beetle (D:6)
  A gnoll shaman (D:6)
  An orc priest (D:3)
  2 orc wizards
  An iguana (D:5)
  An ogre skeleton (D:5)
  A worker ant zombie (D:7)
  6 gnolls
  4 adders
  An ooze (D:4)
  7 orcs
  5 hobgoblins
  2 ball pythons (D:2)
  4 bats
  2 giant cockroaches
  2 giant geckos
  4 giant newts
  6 goblins
  A jackal (D:1)
  5 kobolds
  A kobold skeleton (D:4)
  5 rats
68 creatures vanquished.

Notes
Turn   | Place    | Note
--------------------------------------------------------------
     0 | D:1      | deathcap, the Minotaur Monk, began the quest for the Orb.
     0 | D:1      | Reached XP level 1. HP: 19/19 MP: 1/1
   135 | D:2      | Found a sparkling altar of Nemelex Xobeh.
   144 | D:2      | Reached XP level 2. HP: 21/26 MP: 1/1
   238 | D:3      | Reached skill level 5 in Unarmed Combat
   357 | D:4      | Noticed an ogre
   374 | D:3      | Reached XP level 3. HP: 23/31 MP: 2/2
   428 | D:3      | HP: 1/31 [orc priest/morningstar (8)]
   433 | D:3      | Reached skill level 6 in Unarmed Combat
   445 | D:3      | Reached XP level 4. HP: 8/39 MP: 2/2
   549 | D:3      | Noticed an ogre
   675 | D:4      | Noticed an ogre
   888 | D:4      | Killed an ogre
   888 | D:4      | Reached skill level 7 in Unarmed Combat
   888 | D:4      | Reached XP level 5. HP: 45/45 MP: 2/2
   940 | D:5      | Entered Level 5 of the Dungeon
   999 | D:5      | Got a crude mace
  1060 | D:5      | Got an ichor-stained helmet
  1203 | D:5      | Reached skill level 8 in Unarmed Combat
  1203 | D:5      | Reached XP level 6. HP: 38/51 MP: 3/3
  1311 | D:6      | Noticed a centaur
  1320 | D:6      | Killed a centaur
  1320 | D:6      | Reached skill level 9 in Unarmed Combat
  1335 | D:6      | Found an ancient bone altar of Kikubaaqudgha.
  1335 | D:6      | Found a bloodstained altar of Trog.
  1390 | D:6      | Found a staircase to the Ecumenical Temple.
  1399 | Temple   | Entered the Ecumenical Temple
  1413 | D:6      | Reached XP level 7. HP: 41/57 MP: 3/3
  1535 | Temple   | Became a worshipper of Cheibriados the Contemplative
  1855 | D:7      | Reached skill level 1 in Invocations
  1859 | D:7      | Noticed a deep elf mage
  1860 | D:7      | Noticed a trapdoor spider
  1861 | D:7      | Noticed a slime creature
  1863 | D:7      | Slain by a trapdoor spider

Action                   |  1- 3 |  4- 6 |  7- 9 || total
-------------------------+-------+-------+-------++-------
Melee: Unarmed           |    57 |    92 |    36 ||   185
Invok: Bend Time         |       |       |     1 ||     1
 Abil: Evoke Berserk Rag |       |     4 |     1 ||     5
  Use: Potion            |     2 |       |     3 ||     5
       Scroll            |       |       |     3 ||     3
 Stab: Sleeping          |     1 |       |       ||     1
